 Dungeon Crawl Stone Soup version 0.23.2-1-ga50397a6bc (webtiles) character file.

Game seed: 11111457395312489796

2998 KleinerIrrer the Zephyrmancer (level 9, -3/45 HPs)
             Began as a Tengu Air Elementalist on May 4, 2019.
             Was an Initiate of Vehumet.
             Slain by a black bear (5 damage)
             ... on level 8 of the Dungeon.
             The game lasted 00:26:55 (11067 turns).

KleinerIrrer the Zephyrmancer (TeAE)               Turns: 11067, Time: 00:26:56

Health: -3/45      AC:  6    Str:  8    XL:     9   Next: 84%
Magic:  22/22      EV: 13    Int: 19    God:    Vehumet [......]
Gold:   393        SH:  0    Dex: 19    Spells: 10/25 levels left

rFire    + . .     SeeInvis .   t - +1 dagger (elec)
rCold    . . .     Gourm    .   (no shield)
rNeg     . . .     Faith    .   s - +1 robe of Pagil {rF+ Dex+4} (curse)
rPois    .         Spirit   .   (helmet restricted)
rElec    .         Reflect  .   (no cloak)
rCorr    .         Harm     .   q - +2 pair of gloves
MR       +....                  (boots unavailable)
Stlth    ++........             (no amulet)
HPRegen  0.15/turn              n - ring of protection from magic
MPRegen  0.18/turn              (no ring)

@: no status effects
A: beak, talons 3, able to fly
a: Fly, Renounce Religion


You were on level 8 of the Dungeon.
You worshipped Vehumet.
Vehumet was noncommittal.
You were not hungry.

You visited 2 branches of the dungeon, and saw 9 of its levels.

You collected 393 gold pieces.

Inventory:

Hand Weapons
 l - a +1 dagger of freezing
 t - a +1 dagger of electrocution (weapon)
Armour
 k - a +0 leather armour
 q - a +2 pair of gloves (worn)
 s - the cursed +1 robe of Pagil (worn) {rF+ Dex+4}
   (You found it on level 6 of the Dungeon)

   It affects your dexterity (+4).
   It protects you from fire.
   It has a curse placed upon it.
Jewellery
 a - an uncursed ring of protection from fire
 n - a ring of protection from magic (left hand)
 u - an uncursed ring of protection from fire
Scrolls
 b - 4 scrolls of remove curse
 e - a scroll of amnesia
 f - 2 scrolls of identify
 g - 4 scrolls of magic mapping
 i - 3 scrolls of teleportation
 o - a scroll of fog {unknown}
 p - a scroll of enchant weapon {unknown}
Potions
 d - 4 potions of curing
 h - a potion of haste {unknown}
 j - a potion of cancellation
 m - a potion of flight {unknown}
 r - 2 potions of brilliance {unknown}
 v - a potion of resistance {unknown}
Comestibles
 c - 9 rations


   Skills:
 - Level 2.1 Dodging
 - Level 2.0 Stealth
 + Level 8.5 Spellcasting
 * Level 5.8 Conjurations
 + Level 11.8 Air Magic


You had 10 spell levels left.
You knew the following spells:

 Your Spells              Type           Power        Failure   Level  Hunger
a - Shock                 Conj/Air       ####         1%          1    None
b - Swiftness             Chrm/Air       ####....     1%          2    None
c - Airstrike             Air            ######....   1%          4    ###....
d - Lightning Bolt        Conj/Air       #####.....   6%          5    #####..
e - Conjure Flame         Conj/Fire      ###.....     8%          3    None

Your spell library contained the following spells:

 Spells                   Type           Power        Failure   Level  Hunger
 Static Discharge         Conj/Air       #####...     1%          3    None
 Flame Tongue             Conj/Fire      ###..        2%          1    None
 Throw Flame              Conj/Fire      ###...       3%          2    None
 Throw Frost              Conj/Ice       ###...       3%          2    None
 Freeze                   Ice            #...         9%          1    None
 Inner Flame              Hex/Fire       #.......     26%         3    None
 Ozocubu's Armour         Chrm/Ice       #.......     26%         3    None
 Sticky Flame             Conj/Fire      ###.....     26%         4    ###....
 Throw Icicle             Conj/Ice       ###.....     26%         4    ###....
 Fireball                 Conj/Fire      ###.......   56%         5    #####..
 Summon Ice Beast         Ice/Summ       #.......     65%         4    ###....


Dungeon Overview and Level Annotations

Branches:
Dungeon (8/15)             Temple (1/1) D:7
   Lair: D:8-11

Altars:
Ashenzari
Cheibriados
Dithmenos
Elyvilon
Fedhas
Gozag
Makhleb
Nemelex Xobeh
Okawaru
Ru
Uskayaw
Vehumet
Wu Jian
Xom
Yredelemnul
Zin


Innate Abilities, Weirdness & Mutations

You have a beak for a mouth.
You have claws for feet.
You can fly continuously.


Message History

You feel sick.
The killer bee stings you but does no damage.
The killer bee stings you.
You are more poisoned.
The killer bee poisons you! The killer bee closely misses you.
The killer bee misses you. The killer bee barely misses you.
The killer bee misses you. The black bear bites you.
* * * LOW HITPOINT WARNING * * *
The black bear closely misses you. The black bear barely misses you.
The killer bee stings you!
* * * LOW HITPOINT WARNING * * *
The killer bee closely misses you.
You feel better. The killer bee closely misses you.
The killer bee stings you but does no damage.
The killer bee stings you.
* * * LOW HITPOINT WARNING * * *
The killer bee barely misses you. The killer bee closely misses you.
The killer bee misses you. The killer bee closely misses you.
The black bear closely misses you. x2; The black bear claws you.
You die...

....#...<..#....
#### ..
#.###'##....
.... #
#....##### .....
+....# .....
#....# ....
#....# ..#####
#....# # #y.h.#
###### # #y@y.#
# #.yy.# #
#..y.# # .....#
# ....... #
......... #
........... #
#########.... #


You could see a black bear and 6 killer bees.

Vanquished Creatures
  An ice beast (D:5)
  3 sky beasts
  3 phantoms
  A necrophage (D:8)
  5 centaurs
  An ogre (D:4)
  A crocodile (D:7)
  3 bullfrogs
  2 scorpions (D:8)
  6 killer bees (D:7)
  2 jellies
  3 crimson imps
  A howler monkey (D:3)
  2 hounds
  2 bullfrog skeletons (D:8)
  A centaur skeleton (D:4)
  3 orc priests (D:7)
  Terence (D:3)
  12 orc wizards
  5 worker ants
  A hound zombie (D:6)
  Robin (D:3)
  A worker ant zombie (D:7)
  9 adders
  An ooze (D:3)
  3 worms
  2 dart slugs
  4 leopard geckos
  24 orcs
  11 bats
  5 giant cockroaches
  18 goblins
  10 hobgoblins
  6 jackals (D:1)
  4 quokkas
  2 ball pythons (D:4)
  4 frilled lizards
  8 kobolds
  A leopard gecko zombie (D:5)
  11 rats
184 creatures vanquished.

Notes
Turn   | Place    | Note
-------+----------+-------------------------------------------
     0 | D:1      | KleinerIrrer the Tengu Air Elementalist began the quest for
                  | the Orb.
     0 | D:1      | Reached XP level 1. HP: 10/10 MP: 4/4
   232 | D:1      | Reached XP level 2. HP: 15/15 MP: 1/6
   521 | D:1      | Reached skill level 5 in Air Magic
   531 | D:1      | Reached XP level 3. HP: 19/19 MP: 1/7
  1539 | D:2      | Found a blossoming altar of Fedhas.
  1744 | D:2      | Reached XP level 4. HP: 24/24 MP: 3/9
  2443 | D:3      | Learned a level 2 spell: Swiftness
  2448 | D:3      | Learned a level 4 spell: Airstrike
  2557 | D:3      | Reached skill level 6 in Air Magic
  2816 | D:3      | Noticed a bullfrog
  2831 | D:3      | Killed a bullfrog
  2831 | D:3      | Gained mutation: You can fly continuously. [Tengu growth]
  2831 | D:3      | Reached XP level 5. HP: 22/28 MP: 4/11
  3107 | D:3      | Noticed Robin
  3113 | D:3      | Killed Robin
  3494 | D:3      | Noticed Terence
  3521 | D:3      | Killed Terence
  3689 | D:3      | Reached XP level 6. HP: 32/32 MP: 10/13
  4168 | D:4      | Reached skill level 7 in Air Magic
  4579 | D:4      | Noticed a phantom
  4582 | D:4      | Killed a phantom
  4676 | D:4      | Reached XP level 7. HP: 36/36 MP: 6/15
  4767 | D:4      | Reached skill level 5 in Spellcasting
  4964 | D:4      | Reached skill level 8 in Air Magic
  5347 | D:4      | Found a white marble altar of Elyvilon.
  5812 | D:5      | Entered Level 5 of the Dungeon
  6036 | D:5      | Reached skill level 9 in Air Magic
  6144 | D:5      | Reached XP level 8. HP: 41/41 MP: 7/17
  6214 | D:5      | Found a shattered altar of Ashenzari.
  6765 | D:5      | Found a burning altar of Makhleb.
  7157 | D:6      | Found an iron altar of Okawaru.
  7340 | D:6      | Got an ichor-stained robe
  7361 | D:6      | Identified the cursed +1 robe of Pagil {rF+ Dex+4} (You
                  | found it on level 6 of the Dungeon)
  7440 | D:6      | Reached skill level 10 in Air Magic
  7553 | D:6      | Learned a level 5 spell: Lightning Bolt
  8503 | D:7      | Reached XP level 9. HP: 45/45 MP: 2/20
  8829 | D:7      | Reached skill level 11 in Air Magic
  9041 | D:7      | Learned a level 3 spell: Conjure Flame
  9258 | D:7      | Found a staircase to the Ecumenical Temple.
  9267 | Temple   | Entered the Ecumenical Temple
  9309 | Temple   | Became a worshipper of Vehumet
  9352 | D:7      | Reached skill level 5 in Conjurations
 10622 | D:7      | HP: 1/45 [orc warrior/+0 glaive (19)]
 11066 | D:8      | HP: 1/45 [killer bee (8)]
 11067 | D:8      | Slain by a black bear

Skill      XL: |  1  2  3  4  5  6  7  8  9 |
---------------+----------------------------+-----
Air Magic      | 5 6 7 9 10 11 | 11.8
Spellcasting   | 3 4 5 7 8 |  8.5
Conjurations   | 4 5 |  5.8
Dodging        | |  2.1
Stealth        | |  2.0

Action                   |  1- 3 |  4- 6 |  7- 9 || total
-------------------------+-------+-------+-------++-------
Melee: Unarmed           |     6 |       |       ||     6
       Peck              |     1 |       |       ||     1
       Dagger            |       |     3 |     6 ||     9
       Kick              |       |       |     1 ||     1
 Cast: Shock             |    68 |   129 |   122 ||   319
       Airstrike         |       |     5 |    98 ||   103
       Lightning Bolt    |       |       |     3 ||     3
 Abil: Fly               |       |     1 |       ||     1
       Stop Flying       |       |       |     1 ||     1
  Use: Scroll            |       |     5 |     1 ||     6
       Potion            |       |       |     1 ||     1
  Eat: Chunk             |     3 |     8 |    18 ||    29
       Ration            |       |     1 |     4 ||     5
Armor: Robe              |     4 |     7 |    10 ||    21
Dodge: Dodged            |    23 |    14 |    61 ||    98
